AoeStats
← 小小鸡

Arena

508154529Analyzed
4v4 RM · 12d ago on Sep 21, 2026· 37m 45s· 8 players
Game mode
Random Map
Map size
Large (8 player)
Population
200
Speed
Normal
Resources
Standard
Victory
Conquest
Starting age
Dark Age
Ending age
Imperial Age
RankedLock teamsTeams togetherTeam positionsShared explorationLock speedFull tech treeHidden civsTurbo modeCheats
Victory
Defeat
🇨🇴 Hindustanis · Colombia
1432
+14
🇺🇸 Italians · United States
1410
+15
🇵🇦 Bohemians · Panama
1388
+16
🇨🇦 Persians · Canada
1381
+16
🇦🇷 Burgundians · Argentina
1431
-18
🇦🇷 Poles · Argentina
1369
-15
🇫🇷 Italians · France
1367
-14
🇭🇰 Persians · Hong Kong SAR China
1367
-14
鸭子
5:05 Loom
9:29 Feudal Age
13:25 Castle Age
11:52 Stone Mining
12:29 Horse Collar
12:44 Double-Bit Axe
16:31 Horse Collar
20:40 Fletching
22:52 Padded Archer Armor
22:55 Heavy Plow
24:00 Gold Mining
24:39 Bow Saw
26:46 Wheelbarrow
27:11 Leather Archer Armor
26:59 Bodkin Arrow
29:05 Leather Archer Armor
30:04 Ballistics
35:02 Imperial Age
36:08 Conscription
36:57 Chemistry
37:09 Hand Cart
zhazhahui
10:41 Feudal Age
14:09 Castle Age
12:41 Double-Bit Axe
13:16 Horse Collar
16:34 Wheelbarrow
21:35 Heavy Plow
21:48 Bow Saw
23:54 Loom
28:03 Imperial Age
25:52 Hand Cart
25:22 Town Watch
25:54 Scale Mail Armor
26:03 Scale Barding Armor
27:14 Forging
27:25 Chain Barding Armor
27:43 Gold Mining
27:59 Husbandry
28:10 Bloodlines
28:37 Iron Casting
27:43 Cavalier
30:14 Plate Barding Armor
31:23 Savar
33:06 Blast Furnace
Xerg
10:34 Feudal Age
14:51 Castle Age
13:22 Double-Bit Axe
16:16 Loom
16:46 Town Watch
22:54 Redemption
27:33 Atonement
33:03 Wheelbarrow
35:31 Imperial Age
35:12 Chemistry
35:44 Bow Saw
36:42 Sanctity
36:33 Fervor
36:39 Hand Cart
38:22 Masonry
ImPerez22
9:46 Feudal Age
13:46 Castle Age
12:20 Double-Bit Axe
13:30 Horse Collar
14:49 Bow Saw
19:26 Fervor
20:27 Loom
21:46 Wheelbarrow
22:25 Gold Mining
23:18 Scale Barding Armor
23:51 Forging
24:32 Husbandry
24:43 Bloodlines
25:20 Chain Barding Armor
26:43 Devotion
26:55 Forging
30:08 Imperial Age
29:29 Iron Casting
29:09 Heavy Plow
30:20 Hand Cart
30:11 Heavy Camel Rider
31:28 Plate Barding Armor
31:14 Conscription
32:10 Coinage
31:31 Town Watch
32:10 Grand Trunk Road
34:11 Blast Furnace
34:35 Imperial Camel Rider
ValkriaN
10:58 Feudal Age
11:02 Feudal Age
12:20 Double-Bit Axe
15:15 Castle Age
16:16 Horse Collar
27:11 Heavy Plow
30:52 Loom
31:43 Wheelbarrow
34:45 Imperial Age
32:38 Bow Saw
34:07 Hand Cart
34:25 Gold Mining
34:53 Stone Mining
35:35 Forging
35:26 Scale Mail Armor
36:19 Crop Rotation
36:27 Stone Shaft Mining
36:44 Conscription
35:47 Elite Obuch
37:01 Squires
36:46 Arson
38:07 Iron Casting
小小鸡
10:04 Feudal Age
13:48 Castle Age
11:45 Double-Bit Axe
12:28 Horse Collar
20:23 Wheelbarrow
21:38 Bow Saw
22:05 Heavy Plow
22:08 Loom
23:22 Hand Cart
24:19 Bloodlines
24:14 Husbandry
24:37 Gold Mining
30:09 Imperial Age
27:33 Stone Mining
28:19 Gold Shaft Mining
29:51 Scale Barding Armor
29:56 Forging
31:05 Chain Barding Armor
32:00 Chain Barding Armor
32:15 Iron Casting
32:04 Conscription
33:14 Iron Casting
32:14 Elite War Elephant
34:55 Chemistry
35:26 Stone Shaft Mining
35:41 Plate Barding Armor
36:07 Blast Furnace
36:28 Blast Furnace
36:54 Devotion
Coquelicot
9:39 Feudal Age
13:22 Castle Age
11:21 Double-Bit Axe
11:26 Loom
13:21 Stone Mining
14:30 Bow Saw
15:39 Wheelbarrow
14:59 Horse Collar
16:21 Heavy Plow
20:21 Gold Mining
27:11 Imperial Age
26:26 Fletching
28:55 Chemistry
28:15 Ballistics
27:52 Bodkin Arrow
29:06 Bracer
33:04 Padded Archer Armor
33:20 Hand Cart
Agua Mineral
6:27 Double-Bit Axe
9:25 Horse Collar
14:18 Feudal Age
15:53 Bow Saw
15:51 Gold Mining
18:38 Castle Age
18:43 Gold Shaft Mining
18:16 Scale Barding Armor
18:38 Forging
18:29 Heavy Plow
18:30 Loom
18:51 Cavalier
19:33 Husbandry
24:50 Chain Barding Armor
25:29 Iron Casting
26:02 Wheelbarrow
25:16 Town Watch
27:51 Hand Cart
29:20 Two-Man Saw
32:47 Imperial Age
Connection lost

Rejoining the realm…

Still unreachable

The connection could not be restored.

Session expired

The server has moved on; the page needs a fresh start.